[Event "*** Titled Tuesday Blitz"]
[Site "Chess.com"]
[Date "2019.04.02"]
[Round "4"]
[White "Zq1"]
[Black "Phelathegreat"]
[Result "1-0"]
[WhiteElo "2525"]
[BlackElo "2321"]
[TimeControl "180+2"]
[EndTime "14:45:03 PDT"]
[Termination "Zq1 won by resignation"]

1. d4 Nf6 2. c4 g6 3. Nc3 Bg7 4.
e4 d6 5. Nf3 O-O 6. Be2 Na6 7. O-O e5 8. Re1 Bg4 9. Be3 Re8 10. d5 Nc5 11. Nd2 Bxe2 12. Qxe2 a5 13. b3 Rf8 14. a3 b6 15. b4 Nb7 16. Rab1 Nd7 17. f3 f5 18. Nb3 f4 19. Bf2 g5 20.
Nc1 h5 21. Nd3 Qe7 22. Nb5 Rac8 23. Na7 Ra8 24. Nc6 Qf6 25. Rec1 Rf7 26. c5 bxc5 27. bxc5 Bf8 28. Rxb7 1-0

[Event "*** Titled Tuesday Blitz"]
[Site "Chess.com"]
[Date "2019.04.02"]
[Round "4"]
[White "FERNANDEZL1983"]
[Black "DrVitman"]
[Result "0-1"]
[WhiteElo "2430"]
[BlackElo "2636"]
[TimeControl "180+2"]
[EndTime "14:45:12 PDT"]
[Termination "DrVitman won by checkmate"]

1. d4 Nf6 2. c4 e6 3. Nf3 Bb4+ 4. Bd2 c5 5. Bxb4 cxb4 6. e3 O-O 7. Nbd2 b6 8. Bd3 Bb7 9. O-O d6 10. a3 bxa3 11. Rxa3 Qc7 12. Qa1 a5 13. b4 Nc6 14.
b5 Nb4 15. Bb1 Bxf3 16. Nxf3 Qxc4 17. e4 Qxb5 18. e5 Nh5 19. Ng5 g6 20. Rh3 Nf4 21.
Rxh7 Rac8 22. g3 Qxf1+ 23. Kxf1 Rc1# 0-1

[Event "*** Titled Tuesday Blitz"]
[Site "Chess.com"]
[Date "2019.04.02"]
[Round "4"]
[White "Vrolijk"]
[Black "Mostii"]
[Result "1-0"]
[WhiteElo "2849"]
[BlackElo "2472"]
[TimeControl "180+2"]
[EndTime "14:45:19 PDT"]
[Termination "Vrolijk won by resignation"]

1. d4 e6 2. Nf3 b6 3. Bg5 Be7 4.
Bxe7 Qxe7 5. Nc3 d5 6. e3 Nf6 7. Bb5+ c6 8. Bd3 O-O 9. O-O Bb7 10. e4 dxe4 11. Nxe4 Nxe4 12. Bxe4 Nd7 13. Re1 Nf6 14.
Bd3 c5 15. dxc5 Qxc5 16. Ne5 Rad8 17. Qe2 h6 18. a3 Qd4 19. Rab1 Nd5 20. Nf3 Qg4 21.
h3 Qh5 22. Qe4 Nf6 23. Qxb7 1-0

[Event "*** Titled Tuesday Blitz"]
[Site "Chess.com"]
[Date "2019.04.02"]
[Round "4"]
[White "Off-War"]
[Black "Raja3401"]
[Result "1-0"]
[WhiteElo "2632"]
[BlackElo "2724"]
[TimeControl "180+2"]
[EndTime "14:45:42 PDT"]
[Termination "Off-War won by resignation"]

1. e4 c5 2. Nf3 d6 3. Nc3 Nf6 4. d4 cxd4 5. Nxd4 a6 6. Nb3 g6 7. Be2 Bg7 8. g4 O-O 9. g5 Ne8 10. h4 Nc6 11. Be3 Nc7 12. Qd2 Be6 13. O-O-O a5 14.
Nd4 a4 15. a3 Ne5 16. Nxe6 Nxe6 17. f4 Nc6 18. h5 Rc8 19. f5 Ned4 20. hxg6 hxg6 21.
fxg6 fxg6 22. Bc4+ e6 23. Qh2 Kf7 24. Qh7 Ne5 25.
Rxd4 Rxc4 26. Rxc4 Nxc4 27. Rf1+ Ke8 28. Qxg6+ Kd7 29.
Qxg7+ Kc6 30. Rxf8 1-0

[Event "*** Titled Tuesday Blitz"]
[Site "Chess.com"]
[Date "2019.04.02"]
[Round "4"]
[White "oskariot"]
[Black "rasmussvane"]
[Result "0-1"]
[WhiteElo "2613"]
[BlackElo "2775"]
[TimeControl "180+2"]
[EndTime "14:45:58 PDT"]
[Termination "rasmussvane won by resignation"]

1. c4 e6 2. e3 d5 3. b3 Nf6 4. Bb2 Be7 5. Nf3 O-O 6. Qc2 Nbd7 7. Be2 b6 8. d3 Bb7 9. Nbd2 Rc8 10. Rg1 dxc4 11. bxc4 Bb4 12. a3 Ba5 13. O-O-O Nc5 14. Ne5 Nfd7 15. d4 Bxd2+ 16. Rxd2 Ne4 17. Bf3 Nxe5 18.
dxe5 Qxd2+ 19. Qxd2 Nxd2 20. Bxb7 Rb8 21. Bc6 Nxc4 0-1

[Event "*** Titled Tuesday Blitz"]
[Site "Chess.com"]
[Date "2019.04.02"]
[Round "4"]
[White "melicg25"]
[Black "wannabe2700"]
[Result "0-1"]
[WhiteElo "2299"]
[BlackElo "2599"]
[TimeControl "180+2"]
[EndTime "14:46:07 PDT"]
[Termination "wannabe2700 won by resignation"]

1. e4 e5 2. Nf3 Nf6 3. Nxe5 d6 4.
Nf3 Nxe4 5. d4 d5 6. Bd3 Bd6 7. O-O O-O 8. c4 c6 9. Nc3 Nxc3 10. bxc3 Bg4 11. h3 Bh5 12. cxd5 cxd5 13. Bc2 Nd7 14.
Qd3 Bg6 15. Qd2 Rc8 16. Bxg6 hxg6 17. Bb2 Nf6 18. Qd3 Qa5 19. Rfc1 Rc6 20. a4 Rfc8 21.
Ne5 Bxe5 22. dxe5 Ne4 23. Ra3 Rc4 24. Rd1 Nxf2 25. Kxf2 Qb6+ 26. Kg3 Qxb2 27. Raa1 Rxc3 0-1

[Event "*** Titled Tuesday Blitz"]
[Site "Chess.com"]
[Date "2019.04.02"]
[Round "4"]
[White "Firouzja2003"]
[Black "pheonixking2000"]
[Result "1-0"]
[WhiteElo "3091"]
[BlackElo "2776"]
[TimeControl "180+2"]
[EndTime "14:46:20 PDT"]
[Termination "Firouzja2003 won by resignation"]

1. e4 e6 2. d4 d5 3. Nc3 dxe4 4. Nxe4 Nd7 5. Nf3 Ngf6 6. Bd3 c5 7. Nxf6+ Nxf6 8. Be3 Qc7 9. Qe2 Bd7 10. O-O-O Rc8 11. Ne5 cxd4 12. Bxd4 a6 13. Nxd7 Nxd7 14. Kb1 Bd6 15. Bxg7 Rg8 16. Bc3 Be5 17. Bxe5 Qxe5 18. Qf3 Nc5 19. Bxh7 Rh8 20. Rhe1 Qg7 21. Be4 Rxh2 22.
Bxb7 Rc7 23. Bc6+ Ke7 24. Qf4 Rxc6 25. Qxh2 Na4 26. Qh4+ 1-0

[Event "*** Titled Tuesday Blitz"]
[Site "Chess.com"]
[Date "2019.04.02"]
[Round "4"]
[White "VitaliyBernadskiy"]
[Black "DagurR"]
[Result "1-0"]
[WhiteElo "2716"]
[BlackElo "2531"]
[TimeControl "180+2"]
[EndTime "14:46:31 PDT"]
[Termination "VitaliyBernadskiy won by resignation"]

1. e4 c5 2. Nf3 e6 3. d4 cxd4 4. Nxd4 Nc6 5. Nc3 Qc7 6. g3 a6 7. Bg2 d6 8. O-O Bd7 9. Nf3 Ne5 10. Nxe5 dxe5 11. a4 Bb4 12. Qg4 g6 13. Rd1 Bc6 14.
Nd5 Bxd5 15. exd5 Qxc2 16. Bg5 Bc5 17. dxe6 Qxf2+ 18. Kh1 f6 19. Bxb7 Ra7 20. Bc6+ Ke7 21. Rd2 h5 22. Qc4 fxg5 23. Rxf2 Bxf2 24. Rf1 1-0

[Event "*** Titled Tuesday Blitz"]
[Site "Chess.com"]
[Date "2019.04.02"]
[Round "4"]
[White "pedro_gines"]
[Black "GukeshDommaraju"]
[Result "0-1"]
[WhiteElo "2435"]
[BlackElo "2618"]
[TimeControl "180+2"]
[EndTime "14:46:31 PDT"]
[Termination "GukeshDommaraju won by resignation"]

1. d4 Nf6 2. Nf3 g6 3. g3 Bg7 4.
Bg2 O-O 5. O-O d5 6. c4 c6 7. cxd5 cxd5 8. Nc3 Ne4 9. Bf4 Nxc3 10.
bxc3 Nc6 11. Nd2 Bf5 12. e4 dxe4 13. Nxe4 Rc8 14. Nc5 b6 15. Na6 Na5 16. Rc1 Nc4 17.
Nb4 Qd7 18. Re1 a5 19. Nd5 Be6 20.
Nxe7+ Qxe7 21. d5 Kh8 22. Qe2 g5 23. Bd2 Nxd2 24. Qxd2 Qd8 25. Qb2 Bf5 0-1

[Event "*** Titled Tuesday Blitz"]
[Site "Chess.com"]
[Date "2019.04.02"]
[Round "4"]
[White "adriangschnitzer"]
[Black "suyu28"]
[Result "0-1"]
[WhiteElo "2398"]
[BlackElo "2559"]
[TimeControl "180+2"]
[EndTime "14:46:39 PDT"]
[Termination "suyu28 won by resignation"]

1. c4 e5 2. Nc3 Nc6 3. Nf3 Nf6 4. e3 Bb4 5. Qc2 O-O 6. Nd5 Be7 7. Ng5 g6 8. Nxf6+ Bxf6 9. Ne4 Bg7 10. a3 a5 11. Be2 d6 12. b3 f5 13. Nc3 Be6 14.
Bb2 Qd7 15. d3 Rae8 16. Bf3 Nd8 17. Bd5 c6 18. Bxe6+ Nxe6 19. O-O f4 20. Ne4 f3 21. b4 d5 22. cxd5 cxd5 23. Nc5 Nxc5 24. Qxc5 Qg4 25. Qxd5+ Kh8 0-1

[Event "*** Titled Tuesday Blitz"]
[Site "Chess.com"]
[Date "2019.04.02"]
[Round "4"]
[White "Komissarov_alex"]
[Black "FearNoEvil12"]
[Result "0-1"]
[WhiteElo "2092"]
[BlackElo "2012"]
[TimeControl "180+2"]
[EndTime "14:46:57 PDT"]
[Termination "FearNoEvil12 won on time"]

1. d4 b5 2. e4 a6 3. Nf3 Bb7 4. Bd3 e6 5. c3 Nf6 6. e5 Nd5 7. Nbd2 d6 8. Ne4 Nd7 9. Bg5 f6 10. Nh4 Qe7 11. Qh5+ Qf7 12. Qxf7+ Kxf7 13. exf6 gxf6 14. Bd2 f5 15. Ng5+ Kf6 16. O-O-O h6 17.
Nxe6 Kxe6 18. Bxf5+ Ke7 19. Rhe1+ Kd8 20. Ng6 Rg8 21. Nxf8 Rxf8 22. Bxd7 Kxd7 23. Bxh6 Rxf2 0-1

[Event "*** Titled Tuesday Blitz"]
[Site "Chess.com"]
[Date "2019.04.02"]
[Round "4"]
[White "tteshan"]
[Black "julinha97"]
[Result "0-1"]
[WhiteElo "2202"]
[BlackElo "2190"]
[TimeControl "180+2"]
[EndTime "14:47:01 PDT"]
[Termination "julinha97 won by resignation"]

1. Nc3 d5 2. e3 g6 3. Nf3 Bg7 4. Be2 Nf6 5. O-O O-O 6. d3 c5 7. Bd2 Nc6 8. a3 e5 9. Ne1 d4 10. Ne4 Nd7 11. Nd6 Qe7 12. Nxc8 Raxc8 13. e4 f5 14. f4 fxe4 15. dxe4 exf4 16. Bc4+ Kh8 17. Nd3 g5 18. Qg4 Nde5 19. Qe6 Nxc4 20. Qxc4 Ne5 21. Qd5 c4 22. Nxe5 Bxe5 23. Bb4 Qf6 24. Bxf8 Rxf8 25. Qxc4 g4 26. Rad1 f3 27. g3 f2+ 0-1

[Event "*** Titled Tuesday Blitz"]
[Site "Chess.com"]
[Date "2019.04.02"]
[Round "4"]
[White "maloy07"]
[Black "Durarbayli"]
[Result "1/2-1/2"]
[WhiteElo "2826"]
[BlackElo "2760"]
[TimeControl "180+2"]
[EndTime "14:47:10 PDT"]
[Termination "Game drawn by repetition"]

1. e4 e5 2. Nf3 Nc6 3. d4 exd4 4. Nxd4 Qf6 5. Be3 Bc5 6. c3 Nge7 7. Bc4 b6 8. O-O Bb7 9. Nb5 O-O-O 10. Bxc5 bxc5 11.
Nd2 Ng6 12. g3 h5 13. Nb3 Nge5 14. Bd5 a6 15. f4 Ng4 16. Nxc5 axb5 17. Qb3 Na5 18.
Bxb7+ Nxb7 19. Qa3 Kb8 20. Na6+ Kc8 21. Nc5 Kb8 22.
Na6+ Kc8 23. Nc5 Kb8 24. Na6+ 1/2-1/2

[Event "*** Titled Tuesday Blitz"]
[Site "Chess.com"]
[Date "2019.04.02"]
[Round "4"]
[White "fu24"]
[Black "gonzaga23"]
[Result "1-0"]
[WhiteElo "2520"]
[BlackElo "2356"]
[TimeControl "180+2"]
[EndTime "14:47:20 PDT"]
[Termination "fu24 won by resignation"]

1. d4 Nf6 2. Bg5 d5 3. Bxf6 gxf6 4. c4 c6 5. Nc3 Bg7 6. e3 O-O 7. g3 dxc4 8. Bxc4 Nd7 9. Bd3 Re8 10. Qh5 Nf8 11.
Rd1 Qb6 12. b3 Qb4 13. Ne2 Ng6 14. O-O Be6 15. Qf3 Rad8 16. h4 Bd5 17. Nxd5 Rxd5 18. h5 Nf8 19. Rc1 e5 20. Bc4 Rd7 21. Qg4 h6 22.
Bd3 Qd6 23. Bf5 Rde7 24. Rfd1 Qc7 25. d5 Rd8 26. Nc3 a6 27. Ne4 Rd6 28. Nxd6 Qxd6 29. dxc6 1-0

[Event "*** Titled Tuesday Blitz"]
[Site "Chess.com"]
[Date "2019.04.02"]
[Round "4"]
[White "FedaMaster"]
[Black "Gr3egor"]
[Result "1-0"]
[WhiteElo "2613"]
[BlackElo "2523"]
[TimeControl "180+2"]
[EndTime "14:47:24 PDT"]
[Termination "FedaMaster won by resignation"]

1. e4 g6 2. d4 Bg7 3. Nc3 a6 4. f4 b5 5. Nf3 Bb7 6. Bd3 d6 7. Be3 Nd7 8. e5 e6 9. h4 h5 10.
Qe2 d5 11. g4 hxg4 12. Ng5 Nh6 13. Bxg6 fxg6 14. Nxe6 Qe7 15. Nxc7+ Kf7 16. e6+ Kf8 17.
Nxa8 Bxa8 18. exd7 Nf5 19. Bf2 Qxd7 20. Qxg4 b4 21. Ne2 Kf7 22. O-O-O Rc8 23. Kb1 Qc6 24.
Rd2 Nh6 25. Qg2 a5 26. h5 a4 27. hxg6+ Qxg6 28. Qxg6+ Kxg6 29. Rg1+ Kf7 30. Nc1 Nf5 31.
Nd3 Nxd4 32. Bxd4 Bxd4 33. Ne5+ Bxe5 34. fxe5 Ke6 35. Re2 Rf8 36. Rg6+ Ke7 37. Rf6 Rh8 38. Rf1 d4 39. e6 Bd5 40. Rfe1 a3 41. b3 Rh3 42.
Rd2 Rh4 43. Red1 Kxe6 44. Rxd4 Be4 45. Kc1 Ke5 46. Rxb4 Rh2 47. Rc4 Bd5 48. Rc5 1-0

[Event "*** Titled Tuesday Blitz"]
[Site "Chess.com"]
[Date "2019.04.02"]
[Round "4"]
[White "Shant_Sargsyan"]
[Black "Eltarolo"]
[Result "1-0"]
[WhiteElo "2939"]
[BlackElo "2481"]
[TimeControl "180+2"]
[EndTime "14:47:26 PDT"]
[Termination "Shant_Sargsyan won on time"]

1. b3 b6 2. Bb2 Bb7 3. Nf3 Nf6 4. e3 e6 5. c4 Be7 6. Be2 O-O 7. O-O c5 8. d4 d5 9. cxd5 Nxd5 10. dxc5 Bxc5 11. Nbd2 Nc6 12. a3 Nf6 13. b4 Be7 14. Nc4 Qxd1 15. Rfxd1 Rfd8 16. Nfe5 Nxe5 17. Nxe5 Rxd1+ 18. Rxd1 Rc8 19. Bf3 Bxf3 20. gxf3 Rc2 21. Bd4 Nd5 22.
e4 Nf4 23. Be3 Ne2+ 24. Kf1 f6 25. Rd7 Kf8 26. Nd3 a5 27. Bxb6 axb4 28. axb4 e5 29. Be3 g5 30. b5 Nf4 31. Bxf4 gxf4 32. b6 Rc3 33. b7 Rb3 34. Rc7 Kf7 35. Nc5 Rb1+ 36.
Kg2 Rb5 37. Na6 1-0

[Event "*** Titled Tuesday Blitz"]
[Site "Chess.com"]
[Date "2019.04.02"]
[Round "4"]
[White "DenisQ"]
[Black "GameOverBro"]
[Result "1-0"]
[WhiteElo "2645"]
[BlackElo "2504"]
[TimeControl "180+2"]
[EndTime "14:47:27 PDT"]
[Termination "DenisQ won by resignation"]

1. Nf3 d6 2. g3 g6 3. Bg2 Bg7 4.
O-O e5 5. c4 Ne7 6. Nc3 f5 7.
d3 Nd7 8. Rb1 O-O 9. Qc2 Nf6 10.
b4 h6 11. c5 g5 12. Qb3+ Kh8 13. b5 Ng6 14. cxd6 cxd6 15. Ba3 Qe7 16. Nd5 Nxd5 17. Qxd5 Rd8 18. Nd2 Rb8 19. b6 a6 20. Rbc1 Be6 21. Qa5 Rd7 22. Rc7 Bf8 23. Rfc1 h5 24. Nc4 Bxc4 25.
R1xc4 h4 26. Rxd7 Qxd7 27. Rc7 Qe6 28. Qd5 Qxd5 29. Bxd5 h3 30. Rxb7 Rd8 31. Rc7 Ne7 32. b7 Rb8 33. e4 Nxd5 34. exd5 Kg8 35. Bb4 1-0

[Event "*** Titled Tuesday Blitz"]
[Site "Chess.com"]
[Date "2019.04.02"]
[Round "4"]
[White "RegZryt"]
[Black "mlchen"]
[Result "1-0"]
[WhiteElo "2578"]
[BlackElo "2410"]
[TimeControl "180+2"]
[EndTime "14:47:30 PDT"]
[Termination "RegZryt won by resignation"]

1. d4 Nf6 2. c4 e6 3. Nf3 b6 4.
g3 Ba6 5. Qc2 Be7 6. Bg2 O-O 7. e4 d5 8. e5 Nfd7 9. cxd5 exd5 10.
Nc3 c6 11. h4 Re8 12. Ng5 Nf8 13. Qf5 Bf6 14. Be3 Bxg5 15. hxg5 Qd7 16. Qf3 Qe6 17. Bh3 Qe7 18. Bf5 g6 19. Bc2 Qb4 20. O-O-O Nbd7 21. Rh4 Bc4 22. Rdh1 a5 23. Rxh7 Nxh7 24. Rxh7 Nxe5 25. dxe5 d4 26. Qh1 Kf8 27. Bxd4 Red8 28. e6 Bxe6 29. Bf6 Ke8 30. Qxc6+ 1-0

[Event "*** Titled Tuesday Blitz"]
[Site "Chess.com"]
[Date "2019.04.02"]
[Round "4"]
[White "bascheyaro"]
[Black "DoHoChess"]
[Result "1/2-1/2"]
[WhiteElo "2721"]
[BlackElo "2547"]
[TimeControl "180+2"]
[EndTime "14:47:31 PDT"]
[Termination "Game drawn by repetition"]

1. d4 Nf6 2. c4 e6 3. Nf3 d5 4. Nc3 Bb4 5. Bg5 dxc4 6. e3 b5 7. Be2 Bb7 8. O-O a6 9. Ne5 Nbd7 10. Bf3 Qc8 11. a4 Bxc3 12. bxc3 Nxe5 13. dxe5 Nd5 14. axb5 axb5 15. Qd4 O-O 16. e4 c5 17. Qd2 Nb6 18.
Bf6 gxf6 19. Rxa8 Bxa8 20. Qh6 fxe5 21. Qg5+ Kh8 22. Qf6+ Kg8 23. Rd1 Nd7 24. Qg5+ Kh8 25. Qe7 Bc6 26. Rxd7 Bxd7 27. Qf6+ Kg8 28. Qg5+ Kh8 29.
Qf6+ Kg8 30. Qg5+ Kh8 31. Qf6+ Kg8 32. Qg5+ Kh8 1/2-1/2

[Event "*** Titled Tuesday Blitz"]
[Site "Chess.com"]
[Date "2019.04.02"]
[Round "4"]
[White "Kawhi_Leonard2"]
[Black "saraswathii"]
[Result "1-0"]
[WhiteElo "2217"]
[BlackElo "2233"]
[TimeControl "180+2"]
[EndTime "14:47:32 PDT"]
[Termination "Kawhi_Leonard2 won by resignation"]

1. e4 c5 2. Nf3 e6 3. d4 cxd4 4.
Nxd4 Nf6 5. Nc3 Nc6 6. Ndb5 Bb4 7.
a3 Bxc3+ 8. Nxc3 d5 9. exd5 exd5 10. Bd3 d4 11. Ne2 O-O 12. O-O Qd5 13. Bf4 Bf5 14.
Re1 Rad8 15. Ng3 Bxd3 16. Qxd3 Rfe8 17. h3 Qc5 18. Ne4 Qf5 19. Nxf6+ Qxf6 20. Bc7 Rc8 21.
Bg3 h6 22. Re4 Red8 23. Rae1 Qg6 24. Qb5 b6 25. h4 Kh7 26. h5 Qg5 27. Qd3 Kg8 28. Bh4 Qxh5 29. Bxd8 1-0

[Event "*** Titled Tuesday Blitz"]
[Site "Chess.com"]
[Date "2019.04.02"]
[Round "4"]
[White "Vamostodorecto"]
[Black "larajanzelj"]
[Result "1-0"]
[WhiteElo "2506"]
[BlackElo "2354"]
[TimeControl "180+2"]
[EndTime "14:47:33 PDT"]
[Termination "Vamostodorecto won by resignation"]

1. d4 d5 2. c4 c6 3. Nf3 Nf6 4. Nc3 dxc4 5. e3 b5 6. a4 b4 7.
Na2 e6 8. Bxc4 Be7 9. O-O O-O 10. Qe2 Bb7 11. Bd2 a5 12. Nc1 c5 13. Nb3 cxd4 14.
Nbxd4 Nc6 15. Rac1 Nxd4 16. Nxd4 Ne4 17. Be1 Nd6 18. Bd3 Bf6 19. Nb3 Ne4 20. f3 Nd6 21. e4 Rc8 22. e5 Rxc1 23. Nxc1 Bg5 24. f4 Qb6+ 25. Kh1 Nf5 26. Bxf5 exf5 27. fxg5 Re8 28. Qb5 Qxb5 29. axb5 Rxe5 30. b6 Re6 31. Bf2 f4 32. Re1 1-0

[Event "*** Titled Tuesday Blitz"]
[Site "Chess.com"]
[Date "2019.04.02"]
[Round "4"]
[White "IakovUlivar"]
[Black "RATNAKARAN"]
[Result "1-0"]
[WhiteElo "2524"]
[BlackElo "2430"]
[TimeControl "180+2"]
[EndTime "14:47:40 PDT"]
[Termination "IakovUlivar won by resignation"]

1. e4 e6 2. d4 d5 3. exd5 exd5 4. Nf3 Bd6 5. c4 c6 6. c5 Bc7 7. Bd3 Ne7 8. O-O Bg4 9. Nc3 Nd7 10. Re1 b6 11.
cxb6 axb6 12. Bg5 f6 13. Bh4 O-O 14. Bg3 Bxg3 15. hxg3 c5 16. Nb5 c4 17. Bc2 Ra5 18.
a4 Nc6 19. Qd2 Bh5 20. Nh4 Bf7 21. Ra3 g6 22. Qh6 Rxb5 23. axb5 Nxd4 24. Bb1 Ne5 25. Nf3 Nexf3+ 26. gxf3 Nxb5 27. Rae3 d4 28. Re7 d3 29. Qd2 Nd4 30. Kg2 Bd5 31. Qh6 Bf7 32. Rh1 1-0

[Event "*** Titled Tuesday Blitz"]
[Site "Chess.com"]
[Date "2019.04.02"]
[Round "4"]
[White "Schachmalanders"]
[Black "Panchenko_Dmitry"]
[Result "0-1"]
[WhiteElo "2281"]
[BlackElo "2538"]
[TimeControl "180+2"]
[EndTime "14:47:46 PDT"]
[Termination "Panchenko_Dmitry won by resignation"]

1. Nf3 d5 2. g3 Nf6 3. Bg2 c6 4. O-O Bg4 5. d3 Nbd7 6. Nbd2 e5 7. e4 dxe4 8. dxe4 Be7 9. Re1 O-O 10. Qe2 Re8 11.
h3 Bh5 12. Nf1 Qc7 13. c3 Bf8 14. g4 Bg6 15. Ng3 Nc5 16. Nf5 Ne6 17. N3h4 Nf4 18. Bxf4 exf4 19. g5 Nd7 20. Rad1 Ne5 21. Qd2 Nc4 22.
Qc1 a5 23. b3 Ba3 24. Qa1 Ne5 25. c4 Bb4 26. Re2 a4 27. Qc1 axb3 28. axb3 Rad8 29.
Rxd8 Qxd8 30. Ra2 Qd3 31. Qa1 f3 32. Qxe5 Rxe5 33. Ra8+ Bf8 34. Nxf3 Rxe4 35. N3d4 Re1+ 36. Kh2 Bxf5 0-1

[Event "*** Titled Tuesday Blitz"]
[Site "Chess.com"]
[Date "2019.04.02"]
[Round "4"]
[White "CzechmVIII"]
[Black "northridgehawk"]
[Result "1-0"]
[WhiteElo "2130"]
[BlackElo "2207"]
[TimeControl "180+2"]
[EndTime "14:47:48 PDT"]
[Termination "CzechmVIII won by resignation"]

1. e4 e5 2. Nf3 Nc6 3. Bb5 a6 4. Ba4 Nf6 5. O-O b5 6. Bb3 Bc5 7. a4 Rb8 8. c3 d6 9. d4 Bb6 10. axb5 axb5 11. Qd3 Bd7 12. Na3 O-O 13. Bg5 h6 14.
Bh4 g5 15. Bg3 Qe7 16. Rfe1 Rfe8 17. dxe5 Nxe5 18. Nxe5 dxe5 19. Nc2 Bc6 20. Nb4 Bb7 21. Nd5 Nxd5 22. exd5 e4 23. Qe2 Kg7 24. Rad1 f5 25. d6 cxd6 26. Bxd6 Qf6 27. Bxb8 Rxb8 28. Rd7+ Kh8 29.
Qd2 Bc5 30. Rf7 Qg6 31. Rc7 Bb6 32. Rd7 Bc5 33. Rd8+ Rxd8 34. Qxd8+ Kh7 35. Rd1 Bc6 36. Qc7+ Kh8 37. Rd8+ Be8 38. Qxc5 1-0

[Event "*** Titled Tuesday Blitz"]
[Site "Chess.com"]
[Date "2019.04.02"]
[Round "4"]
[White "Alex_Molchanov"]
[Black "ace_mar"]
[Result "1-0"]
[WhiteElo "2462"]
[BlackElo "2270"]
[TimeControl "180+2"]
[EndTime "14:47:48 PDT"]
[Termination "Alex_Molchanov won by resignation"]

1. c4 e6 2. Nf3 d5 3. e3 Nf6 4. b3 Be7 5. Bb2 O-O 6. Qc2 b6 7. Nc3 Bb7 8. cxd5 Nxd5 9. a3 Bf6 10. h4 Nd7 11. Ng5 g6 12. Bd3 Nxc3 13. Bxc3 Bxc3 14. dxc3 Bxg2 15. Rg1 Bb7 16. h5 Ne5 17. Be4 Bxe4 18.
Qxe4 Qf6 19. hxg6 Nxg6 20. Qd4 Qxd4 21. cxd4 h6 22. Nxe6 Rfc8 23. Rc1 Kh7 24. Nxc7 Rab8 25. Kd2 Rb7 26. Nd5 Rd8 27. Nf6+ Kg7 28. Nh5+ Kh7 29. Nf6+ Kg7 30. Ne4 Re7 31. Ng3 Kh7 32. Rh1 Rd5 33. Rc6 Red7 34. Ne4 Kg7 35. Nf6 R5d6 36. Rxd6 Rxd6 37.
Ne8+ 1-0

[Event "*** Titled Tuesday Blitz"]
[Site "Chess.com"]
[Date "2019.04.02"]
[Round "4"]
[White "Gabix_94"]
[Black "MITerryble"]
[Result "0-1"]
[WhiteElo "2573"]
[BlackElo "2834"]
[TimeControl "180+2"]
[EndTime "14:47:50 PDT"]
[Termination "MITerryble won by resignation"]

1. Nf3 Nf6 2. c4 b6 3. g3 Bb7 4. Bg2 g6 5. O-O Bg7 6. Nc3 O-O 7.
Re1 c5 8. e4 d6 9. d4 cxd4 10.
Nxd4 Qc8 11. b3 Nbd7 12. Bb2 a6 13. Rc1 Re8 14. h3 Qb8 15. Kh2 Qa7 16. a4 Rac8 17. Nc2 Nc5 18. Ne3 Nfxe4 19. Ned5 Bxd5 20. Qxd5 Nxc3 21.
Bxc3 Nxb3 22. Bxg7 Kxg7 23. Rc3 Nc5 24. Rce3 Qd7 25.
h4 Rc7 26. f4 Qf5 27. Qd4+ Qf6 28.
Qd5 Nxa4 29. Bh3 Nc5 30. R1e2 a5 31. Rf3 a4 32. f5 e6 33. Qxd6 Rcc8 34. Qxb6 exf5 0-1

[Event "*** Titled Tuesday Blitz"]
[Site "Chess.com"]
[Date "2019.04.02"]
[Round "4"]
[White "nurgyulsalimova"]
[Black "Elshan1985"]
[Result "1-0"]
[WhiteElo "2510"]
[BlackElo "2749"]
[TimeControl "180+2"]
[EndTime "14:47:50 PDT"]
[Termination "nurgyulsalimova won by resignation"]

1. e4 e5 2. Nf3 Nc6 3. Bc4 Nf6 4. d3 Bc5 5. O-O d6 6. c3 a6 7. a4 h6 8. Nbd2 g5 9. d4 Ba7 10. dxe5 dxe5 11. Kh1 g4 12. Nh4 Nh5 13. Nf5 Bxf5 14. exf5 Qh4 15. g3 Qg5 16. Qb3 O-O-O 17. Bxf7 Ng7 18.
Be6+ Kb8 19. Ne4 Qe7 20. Be3 Rhe8 21. Bxa7+ Nxa7 22. Bd5 c6 23. f6 Qc7 24. Bf7 Rf8 25. Bc4 Nh5 26. Nc5 Ka8 27. Ne6 Qh7 28. Nxd8 Rxd8 29. Rad1 Rf8 30. Qb6 Qh8 31. Rd7 Rb8 32.
Bxa6 Qc8 33. Bxb7+ Rxb7 34. Qxb7+ Qxb7 35. Rxb7 Nxf6 36. Rf7 1-0

[Event "*** Titled Tuesday Blitz"]
[Site "Chess.com"]
[Date "2019.04.02"]
[Round "4"]
[White "GadimbayliA"]
[Black "Hikaru"]
[Result "0-1"]
[WhiteElo "2800"]
[BlackElo "3189"]
[TimeControl "180+2"]
[EndTime "14:47:51 PDT"]
[Termination "Hikaru won by resignation"]

1. e4 d5 2. exd5 Qxd5 3. Nc3 Qa5 4. d4 c6 5. Nf3 Bf5 6. Bd2 e6 7. Bc4 Nf6 8. Nd5 Qd8 9. Nxf6+ Qxf6 10. Qe2 Nd7 11.
O-O-O Bg4 12. d5 Bxf3 13. gxf3 cxd5 14. Bxd5 O-O-O 15. Qc4+ Bc5 16. Be4 Kb8 17. Qb5 Bb6 18. Bc3 Qf4+ 19. Kb1 Nc5 20. Bxg7 Rhg8 21. Bd4 Rxd4 22.
Rxd4 f5 23. Rhd1 fxe4 24. fxe4 Qc7 25. b4 a6 26. Qd3 Nxd3 0-1

[Event "*** Titled Tuesday Blitz"]
[Site "Chess.com"]
[Date "2019.04.02"]
[Round "4"]
[White "sergiochess83"]
[Black "Lion_DL"]
[Result "1-0"]
[WhiteElo "2734"]
[BlackElo "2464"]
[TimeControl "180+2"]
[EndTime "14:47:52 PDT"]
[Termination "sergiochess83 won by resignation"]

1. e4 Nc6 2. Nf3 d6 3. d4 Nf6 4. Nc3 Bg4 5. Be3 e5 6. Bb5 Nd7 7. Bxc6 bxc6 8. h3 Bh5 9. g4 Bg6 10. Qe2 Qb8 11. O-O-O Be7 12. dxe5 Nxe5 13. Nd4 c5 14.
Nf5 Bxf5 15. exf5 c6 16. f4 Nd7 17. Bf2 Kf8 18. g5 h6 19. Rhe1 Qd8 20. h4 hxg5 21. fxg5 Rb8 22. Bg3 Bxg5+ 23. hxg5 Qxg5+ 24. Qe3 Qxe3+ 25. Rxe3 Ne5 26. Bxe5 dxe5 27. Rxe5 c4 28. Rc5 Rh5 29. Rf1 g6 30. Rxc6 gxf5 31. Rxc4 Kg7 32. Rc7 a6 33. Rc6 Ra8 34. a4 f6 35. Nd5 Rh4 36. b3 1-0

[Event "*** Titled Tuesday Blitz"]
[Site "Chess.com"]
[Date "2019.04.02"]
[Round "4"]
[White "Amirreza_p"]
[Black "chessking2151"]
[Result "1-0"]
[WhiteElo "2770"]
[BlackElo "2571"]
[TimeControl "180+2"]
[EndTime "14:47:57 PDT"]
[Termination "Amirreza_p won by resignation"]

1. e4 e5 2. Nf3 Nc6 3. Bc4 Nf6 4. d3 h6 5. O-O d6 6. a4 g5 7. Nc3 Bg7 8. Nd5 Nxd5 9. Bxd5 Ne7 10. Bb3 Ng6 11. c3 Qe7 12. d4 Bg4 13. h3 Bxf3 14. Qxf3 exd4 15. e5 Bxe5 16. Re1 dxc3 17. bxc3 O-O 18.
Qxb7 Rab8 19. Qd5 c6 20. Qd1 Qf6 21. Rb1 Bxc3 22. Re3 Bd4 23. Rf3 Qg7 24. Rxf7 Rxf7 25. Bxf7+ Kxf7 26. Rxb8 Qf6 27. Qe2 Ne5 28. Be3 Bxe3 29.
Qxe3 Qf4 30. Qxf4+ gxf4 31. Rb7+ Ke6 32. Rxa7 c5 33. Rc7 Nc4 34. Kf1 Kd5 35. g4 fxg3 36. fxg3 Ke4 37. Kf2 Kd4 38. g4 d5 39. h4 Ne5 40. g5 hxg5 41. h5 c4 42. a5 c3 43.
h6 Ng4+ 44. Ke2 Nxh6 45. a6 Nf5 46. a7 Ng3+ 47. Kf3 Kd3 48. a8=Q 1-0